 Dungeon Crawl Stone Soup version 0.21-a0-142-gdd972a7 (webtiles) character file.

2957 tehllama the Digger (level 9, -16/52 HPs)
             Began as a Gargoyle Earth Elementalist on July 22, 2017.
             Was a Believer of Vehumet.
             Demolished by a two-headed ogre
             ... wielding a +0 giant club
              (26 damage)
             ... on level 8 of the Dungeon.
             The game lasted 00:28:51 (10130 turns).

tehllama the Digger (Gargoyle Earth Elementalist)  Turns: 10130, Time: 00:28:52

Health: -16/52     AC: 10    Str: 12    XL:     9   Next: 81%
Magic:  9/17       EV: 13    Int: 19    God:    Vehumet [**....]
Gold:   217        SH:  0    Dex: 10    Spells: 4/18 levels left

rFire    . . .     SeeInvis .   k - +0 flail
rCold    . . .     Gourm    .   (no shield)
rNeg     + . .     Faith    .   c - +1 robe
rPois    ∞         Spirit   .   (no helmet)
rElec    +         Reflect  .   (no cloak)
rCorr    .         Harm     .   (no gloves)
MR       .....                  y - +0 pair of boots
Stlth    +.........             (no amulet)
HPRegen  0.17/turn              (no ring)
MPRegen  0.15/turn              (no ring)

@: confused
A: negative energy resistance 1, electricity resistance, unbreathing,
petrification resistance, rot immunity, AC +5
a: Renounce Religion


You were on level 8 of the Dungeon.
You worshipped Vehumet.
Vehumet was pleased with you.
You were hungry.

You visited 2 branches of the dungeon, and saw 9 of its levels.
You also visited: Sewer.

You collected 459 gold pieces.
You spent 242 gold pieces at shops.

Inventory:

Hand Weapons
 k - a +0 flail (weapon)
Missiles
 b - 130 stones
 o - 5 javelins (quivered)
Armour
 c - a +1 robe (worn)
 y - a +0 pair of boots (worn)
Scrolls
 i - a scroll of blinking
 m - 9 scrolls of teleportation
 p - 2 scrolls of remove curse
 r - 4 scrolls of identify
 s - a scroll of enchant armour
 t - a scroll of recharging
 u - a scroll of enchant weapon
 v - a scroll of immolation
 C - a scroll of fear
Potions
 a - 3 potions of flight
 f - 2 potions of agility
 l - a potion of curing
 n - a potion of might
 q - 3 potions of mutation
 x - a potion of brilliance
 A - 2 potions of cancellation
 E - a potion of berserk rage
 G - a potion of lignification
Books
 e - a book of Geomancy

   Spells                             Type                      Level
   a - Sandblast                      Earth                        1
   b - Passwall                       Transmutation/Earth          2
   c - Stone Arrow                    Conjuration/Earth            3
   d - Petrify                        Transmutation/Earth          4
   e - Lee's Rapid Deconstruction     Earth                        5
 B - a book of Necromancy

   Spells                             Type                      Level
   a - Pain                           Necromancy                   1
   b - Animate Skeleton               Necromancy                   1
   c - Vampiric Draining              Necromancy                   3
   d - Regeneration                   Charms/Necromancy            3
   e - Animate Dead                   Necromancy                   4
   f - Control Undead                 Necromancy                   4
 D - a book of Minor Magic

   Spells                             Type                      Level
   a - Magic Dart                     Conjuration                  1
   b - Blink                          Translocation                2
   c - Call Imp                       Summoning                    2
   d - Slow                           Hexes                        2
   e - Conjure Flame                  Conjuration/Fire             3
   f - Mephitic Cloud                 Conjuration/Poison/Air       3
Comestibles
 d - 9 bread rations
 g - 4 royal jellies
 h - 8 fruits
 z - 2 meat rations
 F - 7 chunks of flesh


   Skills:
 + Level 4.0 Fighting
 + Level 3.6 Maces & Flails
 + Level 4.1 Armour
 + Level 3.3 Dodging
 - Level 2.1 Stealth
 + Level 5.3 Spellcasting
 + Level 6.1 Conjurations
   Level 0.7 Transmutations
 * Level 4.1 Fire Magic
 + Level 7.8 Earth Magic


You had 4 spell levels left.
You knew the following spells:

 Your Spells              Type           Power        Failure   Level  Hunger
a - Sandblast             Erth           ####..       1%          1    None
b - Stone Arrow           Conj/Erth      ####..       1%          3    ##.....
c - Lee's Rapid Deconstr  Erth           ####......   13%         5    #####..
e - Conjure Flame         Conj/Fire      ###.....     4%          3    ##.....
f - Throw Flame           Conj/Fire      ###...       2%          2    None


Dungeon Overview and Level Annotations

Branches:
Dungeon (8/15)             Temple (1/1) D:4            Lair (0/6) D:8

Altars:
Ashenzari
Cheibriados
Dithmenos
Elyvilon
Fedhas
Gozag
Hepliaklqana
Kikubaaqudgha
Makhleb
Nemelex Xobeh
Okawaru
Qazlal
Ru
Sif Muna
Trog
Uskayaw
Vehumet
Wu Jian
Xom
Yredelemnul
Zin
The Shining One

Shops:
D:5 ?   D:6 ?

Annotations:
D:4 HobsGoblin's ghost, amateur MiBe


Innate Abilities, Weirdness & Mutations

You are resistant to torment.
Your stone body is resilient. (AC +5)
You are immune to poison.
You resist negative energy. (rN+)
You are resistant to electric shocks. (rElec)
You can survive without breathing.
You are immune to petrification.
You are immune to rotting.


Message History

Casting: Stone Arrow
Confirm with . or Enter, or press ? or * to list all spells.
Aiming: Sandblast
Press: ? - help, Shift-Dir - straight line, f/p - two-headed ogre
Aim: a two-headed ogre, wielding a giant club and a giant spiked club (severely wounded)
The blast of sand misses the two-headed ogre.
b - 130 stones You barely miss the two-headed ogre.
The two-headed ogre is severely wounded.
The two-headed ogre hits you with a giant club!
* * * LOW HITPOINT WARNING * * *
The two-headed ogre hits you with a giant spiked club!
* * * LOW HITPOINT WARNING * * *
You are confused.
You feel invigorated. The two-headed ogre closely misses you.
The two-headed ogre misses you.
You bump into the rock wall.
The two-headed ogre hits you with a giant club!!
Ouch! That really hurt!
You die...

...P...##..#####.#
#........
..................
+........
...........#####.#
#........ ..P...#.##.#
#.. ##.......
#P...P.....# #.#
##.....# #...P...####
#.# ##...## #.....#.#
#.######. ##'##
#.P.P.#.# #O.......
#.# PP.PP.#.#
#####@### #.# P.P..##
#.......# ##.## .P..P#
#.###.#.# #######...##
....###.# #.#.#
#..........# ........#
#.#.###.....#...##
...######
#.................
####
#.#####.###.....##.###
#.......# #.....##.#
######### ########.#


You could see a two-headed ogre.

Vanquished Creatures
  2 hippogriffs (D:7)
  A spriggan (D:7)
  A hungry ghost (D:8)
  The ghost of Potronius the Caller, an amateur MfSu (Sewer)
  A porcupine (D:8)
  An orc warrior (D:8)
  A black bear (D:7)
  2 necrophages (D:7)
  2 ogres (D:5)
  A crocodile (D:8)
  A big kobold (Sewer)
  3 bullfrogs
  A gnoll sergeant (D:8)
  3 scorpions
  4 wights (D:6)
  A howler monkey (D:6)
  2 crimson imps
  4 hounds
  A quasit (D:7)
  3 orc priests
  4 bullfrog skeletons
  An iguana (D:7)
  3 worker ants
  A killer bee zombie (D:6)
  2 worker ant zombies
  4 gnolls (D:8)
  9 adders
  A shadow imp (D:6)
  2 oozes
  2 adder skeletons
  7 worms
  4 dart slugs
  7 leopard geckos
  14 orcs
  11 giant cockroaches
  9 goblins
  11 hobgoblins
  17 jackals
  3 quokkas
  6 bats
  3 frilled lizards (D:1)
  15 kobolds
  A leopard gecko zombie (D:5)
  2 quokka skeletons
  A quokka zombie (D:5)
  13 rats
189 creatures vanquished.

Notes
Turn   | Place    | Note
-------+----------+-------------------------------------------
     0 | D:1      | tehllama the Gargoyle Earth Elementalist began the quest for the Orb.
     0 | D:1      | Reached XP level 1. HP: 10/10 MP: 3/3
   384 | D:1      | Reached XP level 2. HP: 14/15 MP: 1/5
   385 | D:1      | Reached skill level 4 in Earth Magic
   791 | D:1      | Reached XP level 3. HP: 13/19 MP: 2/6
   883 | D:1      | Learned a level 3 spell: Stone Arrow
  1352 | D:2      | Reached skill level 1 in Conjurations
  1606 | D:2      | Noticed a hand axe
  1606 | D:2      | Noticed a dagger
  1609 | D:2      | Found a hide-covered altar of Uskayaw.
  1648 | D:2      | Reached XP level 4. HP: 24/24 MP: 3/8
  1814 | D:2      | Found a snail-covered altar of Cheibriados.
  1899 | D:2      | Found a sacrificial altar of Ru.
  2110 | D:2      | Noticed a moth of wrath
  2113 | D:2      | Found a bloodstained altar of Trog.
  3202 | D:3      | Reached XP level 5. HP: 28/28 MP: 6/9
  3218 | D:3      | Learned a level 5 spell: Lee's Rapid Deconstruction
  3505 | D:3      | Reached skill level 5 in Earth Magic
  3986 | D:4      | Noticed HobsGoblin's ghost (amateur MiBe)
  4779 | D:4      | Found a staircase to the Ecumenical Temple.
  4789 | Temple   | Entered the Ecumenical Temple
  4855 | Temple   | Became a worshipper of Vehumet
  4970 | D:5      | Entered Level 5 of the Dungeon
  5005 | D:5      | Found a glowing drain.
  5019 | Sewer    | Entered a sewer
  5058 | Sewer    | Noticed Potronius's ghost (amateur MfSu)
  5076 | Sewer    | Killed Potronius's ghost
  5076 | Sewer    | Reached XP level 6. HP: 24/32 MP: 0/11
  5270 | Sewer    | Found a white marble altar of Elyvilon.
  5584 | D:5      | Reached skill level 6 in Earth Magic
  5584 | D:5      | Reached XP level 7. HP: 36/36 MP: 3/13
  5747 | D:5      | Found a shattered altar of Ashenzari.
  5989 | D:5      | Found Dipsulitee's Magic Scroll Boutique.
  5993 | D:5      | Bought a scroll of identify for 22 gold pieces
  5993 | D:5      | Bought a scroll of identify for 22 gold pieces
  5993 | D:5      | Bought a scroll of identify for 22 gold pieces
  5993 | D:5      | Bought a scroll of identify for 22 gold pieces
  5993 | D:5      | Bought a scroll of enchant weapon for 82 gold pieces
  6667 | D:5      | Reached skill level 1 in Armour
  6718 | D:5      | Reached skill level 1 in Fighting
  6899 | D:6      | Reached skill level 1 in Maces & Flails
  7003 | D:6      | Reached * piety under Vehumet
  7003 | D:6      | Offered knowledge of Flame Tongue by Vehumet.
  7014 | D:6      | Reached XP level 8. HP: 32/43 MP: 0/14
  7160 | D:6      | Reached skill level 5 in Conjurations
  7252 | D:6      | Learned a level 1 spell: Flame Tongue
  7523 | D:6      | Reached skill level 1 in Fire Magic
  7755 | D:6      | Found Mawaics's Magic Scroll Shop.
  7898 | D:6      | Bought a scroll of identify for 24 gold pieces
  7898 | D:6      | Bought a scroll of identify for 24 gold pieces
  7898 | D:6      | Bought a scroll of identify for 24 gold pieces
  8230 | D:7      | Learned a level 3 spell: Conjure Flame
  8386 | D:7      | Noticed a hippogriff
  8395 | D:7      | Killed a hippogriff
  8395 | D:7      | Reached skill level 7 in Earth Magic
  8506 | D:7      | Reached XP level 9. HP: 43/50 MP: 16/16
  8940 | D:7      | Reached skill level 5 in Spellcasting
  9224 | D:8      | Found a staircase to the Lair.
  9448 | D:8      | Offered knowledge of Throw Flame by Vehumet.
  9452 | D:8      | Learned a level 2 spell: Throw Flame
  9518 | D:8      | Reached ** piety under Vehumet
 10118 | D:8      | Noticed a two-headed ogre
 10125 | D:8      | HP: 2/52 [two-headed ogre/giant club (16)]
 10130 | D:8      | Demolished by a two-headed ogre

Vault maps used:
D:1:      saegor_arrival_simple_e
D:2:      dancing_weapons_uskayaw, old_standard_altar, lemuel_round_altar,
          tgw_trog
D:3:      first_bread, minmay_box_of_dots
D:4:      lemuel_temple_firewalk_b
D:5:      nicolae_ashenzari_panopticon, portal_sewer_entry_d, serial_shops,
          kennysheep_mini_moat
D:6:      serial_shops, shop
D:7:      the_bakery
D:8:      grunt_lair_entry_orc_guard_hut
Temple:   compressed_dpeg_circular_temple
Sewer:    sewer_kobolds

Skill      XL: |  1  2  3  4  5  6  7  8  9 |
---------------+----------------------------+-----
Earth Magic    | 4 5 6 7 |  7.8
Conjurations   | 1 2 3 4 5 6 |  6.1
Spellcasting   | 3 4 5 |  5.3
Armour         | 1 3 4 |  4.1
Fighting       | 1 3 4 |  4.0
Maces & Flails | 1 2 3 |  3.6
Dodging        | 2 3 |  3.3
Fire Magic     | 2 4 |  4.1
Stealth        | |  2.1
Transmutations | |  0.7

Action                   |  1- 3 |  4- 6 |  7- 9 || total
-------------------------+-------+-------+-------++-------
Melee: Unarmed           |     8 |       |       ||     8
       Club              |    34 |    15 |       ||    49
       Mace              |       |    64 |       ||    64
       Flail             |       |     7 |    51 ||    58
Throw: Javelin           |       |     1 |       ||     1
 Cast: Sandblast         |    36 |   113 |    82 ||   231
       Stone Arrow       |     1 |     7 |    89 ||    97
       Lee's Rapid Decon |       |       |     3 ||     3
       Conjure Flame     |       |       |     1 ||     1
       Throw Flame       |       |       |     1 ||     1
  Use: Scroll            |       |    13 |    13 ||    26
       Potion            |       |       |     4 ||     4
 Stab: Sleeping          |     1 |     3 |       ||     4
  Eat: Chunk             |     2 |    14 |    17 ||    33
       Bread ration      |       |       |     1 ||     1
Armor: Robe              |    22 |    54 |    58 ||   134
Dodge: Dodged            |    53 |   113 |   101 ||   267
